 Dungeon Crawl Stone Soup version 0.26-b1-32-g5d43845318 (webtiles) character file.

Game seed: 14544907213779287792

226 jmlagarto the Poker (level 6, -6/72 HPs)
             Began as a Merfolk Monk on Jan 10, 2021.
             Was an Initiate of Dithmenos.
             Mangled by an ice devil (7 damage)
             ... summoned by Xom
             ... on level 3 of the Dungeon.
             The game lasted 00:06:09 (3074 turns).

jmlagarto the Poker (Merfolk Monk)                  Turns: 3074, Time: 00:06:09

Health: -6/72      AC: 23    Str: 12      XL:     6   Next: 1%
Magic:  0/6        EV:  2    Int:  9      God:    Dithmenos [......]
Gold:   53         SH:  0    Dex: 17 (18) Spells: 5/5 levels left

rFire    . . .     SeeInvis .   o - +2 quarterstaff (chaos)
rCold    . . .     Faith    .   (shield currently unavailable)
rNeg     + + +     Spirit   +   (armour currently unavailable)
rPois    +         Reflect  .   (helmet currently unavailable)
rElec    .         Harm     .   (cloak currently unavailable)
rCorr    .         Rampage  .   (gloves currently unavailable)
Will     .....     NoTele   +   (boots currently unavailable)
Stlth    +++.......             n - amulet of guardian spirit
HPRegen  0.22/turn              j - ring of positive energy
MPRegen  0.10/turn              (no ring)

@: lethally poisoned (-6 -> -6), tree-form, hasted, very quick
A: (change form in water), (swift swim), (stealthy swim)
a: Renounce Religion


You were on level 3 of the Dungeon.
You worshipped Dithmenos.
Dithmenos was noncommittal.
You were a tree.
You visited 1 branch of the dungeon, and saw 3 of its levels.

You collected 53 gold pieces.

Inventory:

Hand Weapons
 a - a +0 spear
 o - a +2 quarterstaff of chaos (weapon)
Armour
 b - a +0 robe (melded)
 p - a +0 cloak (melded)
Jewellery
 j - a ring of positive energy (left branch)
 n - an amulet of guardian spirit (around neck)
Scrolls
 d - a scroll of remove curse {unknown}
 e - 4 scrolls of teleportation
 f - 4 scrolls of identify
 g - 4 scrolls of noise {unknown}
 h - 2 scrolls of amnesia {unknown}
 k - 3 scrolls of enchant armour {unknown}
 m - 3 scrolls of enchant weapon {unknown}
 r - a scroll of magic mapping {unknown}
Potions
 c - a potion of mutation {unknown}
 l - a potion of haste
 q - a potion of brilliance {unknown}


   Skills:
 + Level 4.2 Fighting
 + Level 6.2(6.4) Polearms
 + Level 1.1(2.4) Staves
 + Level 5.6 Dodging
 + Level 3.4 Stealth


You had 5 spell levels left.
You didn't know any spells.
Your spell library was empty.

Dungeon Overview and Level Annotations

Branches:
Dungeon (3/15)

Altars:
Dithmenos
Xom


Message History

The quasit bites you but does no damage.
The quasit claws you but does no damage. x2
The iron imp hits you but does no damage.
The crimson imp hits you. The ice devil barely misses you.
The ufetubus hits you but does no damage. x2
You hit the iron imp.
The iron imp is severely wounded.
The ice devil hits you but does no damage.
The quasit bites you but does no damage.
The quasit claws you but does no damage.
The quasit claws you.
You feel clumsy.
The quasit bites you but does no damage.
The quasit claws you but does no damage. x2
Unknown command.
You hit the iron imp but do no damage.
The iron imp is severely wounded.
The crimson imp hits you but does no damage.
The ice devil hits you!
You die...

. #.##.# .....##
####.#....# ##.......
.....##...##.........
#....#.#.#..........
#.....)....#.........
#..........#.........#
.............55.......#
#####.##....5555..>....
#. ##..55♣44.....#
#.##....545......#
##..#.....5........
#.........#.>..#..
#...#.........(..# .#
.. #..#...###....##.##
#...#.#.###.)......#
#.#.#.....#....#.#..
...# #.....#†!.......


You could see 2 ice devils, a chaos spawn (summoned), 2 iron imps, 2 quasits, a
crimson imp (summoned), 2 white imps, 3 shadow imps and an ufetubus (summoned).

Vanquished Creatures
  An orc priest (D:2)
  Crazy Yiuf (D:2)
  2 orc wizards
  Jessica (D:2)
  An adder (D:2)
  2 oozes
  A worm (D:2)
  A dart slug (D:3)
  A leopard gecko (D:2)
  8 orcs
  5 bats
  4 giant cockroaches
  7 goblins
  8 hobgoblins
  3 jackals (D:1)
  3 kobolds
  6 rats
55 creatures vanquished.

Vanquished Creatures (others)
  4 toadstools (D:1)
4 creatures vanquished.

Grand Total: 59 creatures vanquished

Notes
Turn   | Place    | Note
-------+----------+-------------------------------------------
     0 | D:1      | jmlagarto the Merfolk Monk began the quest for the Orb.
     0 | D:1      | Reached XP level 1. HP: 18/18 MP: 1/1
    43 | D:1      | Reached XP level 2. HP: 8/24 MP: 2/2
   783 | D:1      | Reached XP level 3. HP: 22/29 MP: 3/3
   877 | D:1      | Reached skill level 5 in Polearms
  1268 | D:2      | Found a faded altar of an unknown god.
  1296 | D:2      | Found a shadowy altar of Dithmenos.
  1300 | D:2      | Became a worshipper of Xom the Elder Chaos God
  1457 | D:2      | Fell from the grace of Xom
  1457 | D:2      | Became a worshipper of Dithmenos the Shadowed
  1622 | D:2      | Noticed Jessica
  1639 | D:2      | Killed Jessica
  1640 | D:2      | Reached skill level 5 in Dodging
  1640 | D:2      | Reached XP level 4. HP: 17/37 MP: 4/4
  1793 | D:2      | XOM: stat loss: -1 Str (10/11)
  2211 | D:2      | Found a runed translucent door.
  2212 | D:2      | Noticed Crazy Yiuf
  2234 | D:2      | Killed Crazy Yiuf
  2411 | D:3      | Reached XP level 5. HP: 42/42 MP: 5/5
  2428 | D:2      | Reached skill level 6 in Polearms
  2952 | D:3      | Reached skill level 1 in Staves
  3004 | D:3      | Reached XP level 6. HP: 48/48 MP: 6/6
  3067 | D:3      | XOM: summons 14 hostile demons
  3068 | D:3      | Noticed an ice devil
  3068 | D:3      | Noticed an ice devil
  3068 | D:3      | Noticed a chaos spawn
  3071 | D:3      | HP: 3/72 [ufetubus[Xom] (1)]
  3072 | D:3      | HP: 1/72 [poisoned by an orc]
  3074 | D:3      | Mangled by an ice devil

Illustrated notes

Levels and vault maps discovered:
D:1:      ldierk_walled_garden_2, layout_rooms
D:2:      layout_basic, lemuel_crystal_altar, chequers_ecumenical_altar_simple,
          minivault_4, uniq_crazy_yiuf_cottage, uniq_jessica
D:3:      layout_rooms, tso_oasis_becter

Skill      XL: |  1  2  3  4  5 |
---------------+----------------+-----
Polearms       | 5 6 |  6.2
Dodging        | 5 |  5.6
Fighting       | 4 |  4.2
Stealth        | 3 |  3.4
Staves         | 1 |  1.1

Action                   |  1- 3 |  4- 6 || total
-------------------------+-------+-------++-------
Melee: Spear             |   139 |    35 ||   174
       Quarterstaff      |       |    68 ||    68
  Use: Scroll            |       |     3 ||     3
       Potion            |       |     3 ||     3
 Stab: Sleeping          |     3 |     1 ||     4
Armor: Robe              |    15 |     9 ||    24
       Skin              |       |    53 ||    53
Dodge: Dodged            |    93 |    68 ||   161
